TOP OF THE 1ST |
Hammond Herons batting - Pitching for Mancelona Torch : RHP Germán Rodríguez
|
Pitching: RHP Germán Rodríguez
|
|
Batting: LHB Juan Villanueva
|
0-0: Swinging Strike 0-1: Swinging Strike 0-2: Foul Ball, location: 2F 0-2: Strikes out swinging
|
Batting: RHB Sancho Romero
|
0-0: Ball 1-0: Foul Ball, location: 2F 1-1: Ball 2-1: Fly out, F3 (Popup, 3L)
|
Batting: RHB Edward Payne
|
0-0: Ball 1-0: Ball 2-0: Ball 3-0: Base on Balls
|
Batting: RHB Scott Zijm
|
0-0: Swinging Strike 0-1: Ground out U3 (Groundball, 3L)
|
Top of the 1st over - 0 run(s), 0 hit(s), 0 error(s), 1 left on base; Hammond 0 - Mancelona 0 |
BOTTOM OF THE 1ST |
Mancelona Torch batting - Pitching for Hammond Herons : RHP Manuel Sánchez
|
Pitching: RHP Manuel Sánchez
|
|
Batting: RHB Jim Unknown
|
0-0: Foul Ball, location: 2F 0-1: Ball 1-1: Swinging Strike 1-2: Ball 2-2: Strikes out swinging
|
Batting: RHB Raúl Ruíz
|
0-0: Ball 1-0: Fly out, F7 (Flyball, 7S)
|
Batting: RHB Juan Carlos Cruz
|
0-0: Ball 1-0: Ball 2-0: DOUBLE (Line Drive, 5L)
|
Batting: RHB Freddy Carea
|
0-0: Called Strike 0-1: Ground out 6-3 (Groundball, 6M)
|
Bottom of the 1st over - 0 run(s), 1 hit(s), 0 error(s), 1 left on base; Hammond 0 - Mancelona 0 |
TOP OF THE 2ND |
Hammond Herons batting - Pitching for Mancelona Torch : RHP Germán Rodríguez
|
Batting: RHB Jorge Baker
|
0-0: Called Strike 0-1: SINGLE (Line Drive, 78S)
|
Batting: RHB Jimmy Dawson
|
0-0: Ball 1-0: Swinging Strike 1-1: Ball 2-1: Swinging Strike 2-2: Ball 3-2: Foul Ball, location: 2F 3-2: Base on Balls Jorge Baker to second
|
Batting: RHB José Trombelli
|
0-0: Ground out 4-3 (Groundball, 4M) Jorge Baker to third Jimmy Dawson to second
|
Batting: RHB Brian Soto
|
0-0: Fly out, F8 (Flyball, 8LM) Runner from 3rd tags up, SCORES, throw made
|
Batting: LHB Ferris Minor
|
0-0: Ball 1-0: Ground out U3 (Groundball, 3)
|
Top of the 2nd over - 1 run(s), 1 hit(s), 0 error(s), 1 left on base; Hammond 1 - Mancelona 0 |
BOTTOM OF THE 2ND |
Mancelona Torch batting - Pitching for Hammond Herons : RHP Manuel Sánchez
|
Batting: RHB Juan Báez
|
0-0: Called Strike 0-1: Fly out, F8 (Line Drive, 8LM)
|
Batting: LHB José Hernández
|
0-0: Ball 1-0: Ball 2-0: Ball 3-0: Called Strike 3-1: Base on Balls
|
Batting: LHB Jim Unknown
|
0-0: Ball 1-0: Called Strike 1-1: Ball 2-1: Called Strike 2-2: Ball 3-2: Fly out, F9 (Flyball, 9S)
|
Batting: RHB Bert Cook
|
0-0: Called Strike 0-1: Called Strike 0-2: Ball 1-2: Foul Ball, location: 2F 1-2: Foul Ball, location: 2F 1-2: Ball 2-2: Ball 3-2: Base on Balls José Hernández to second
|
Batting: RHB Jim Unknown
|
0-0: Ball 1-0: Ball 2-0: Fly out, F8 (Flyball, 8LD)
|
Bottom of the 2nd over - 0 run(s), 0 hit(s), 0 error(s), 2 left on base; Hammond 1 - Mancelona 0 |
TOP OF THE 3RD |
Hammond Herons batting - Pitching for Mancelona Torch : RHP Germán Rodríguez
|
Batting: LHB Juan Villanueva
|
0-0: Called Strike 0-1: Called Strike 0-2: Ball 1-2: Strikes out swinging
|
Batting: RHB Sancho Romero
|
0-0: Called Strike 0-1: Ball 1-1: Fly out, F8 (Flyball, 8LM)
|
Batting: RHB Edward Payne
|
0-0: Foul Ball, location: 2F 0-1: Ball 1-1: Ball 2-1: Called Strike 2-2: Ball 3-2: Base on Balls
|
Batting: RHB Scott Zijm
|
0-0: Fly out, F9 (Flyball, 9M)
|
Top of the 3rd over - 0 run(s), 0 hit(s), 0 error(s), 1 left on base; Hammond 1 - Mancelona 0 |
BOTTOM OF THE 3RD |
Mancelona Torch batting - Pitching for Hammond Herons : RHP Manuel Sánchez
|
Batting: RHB Jim Unknown
|
0-0: Foul Ball, location: 2F 0-1: Ball 1-1: Called Strike 1-2: Ball 2-2: Ball 3-2: Fly out, F8 (Flyball, 78M)
|
Batting: RHB Raúl Ruíz
|
0-0: Called Strike 0-1: Ground out 5-3 (Groundball, 5L)
|
Batting: RHB Juan Carlos Cruz
|
0-0: Ball 1-0: Ground out 5-3 (Groundball, 56S)
|
Bottom of the 3rd over - 0 run(s), 0 hit(s), 0 error(s), 0 left on base; Hammond 1 - Mancelona 0 |
TOP OF THE 4TH |
Hammond Herons batting - Pitching for Mancelona Torch : RHP Germán Rodríguez
|
Batting: RHB Jorge Baker
|
0-0: Ball 1-0: Ground out 4-3 (Groundball, 4MS)
|
Batting: RHB Jimmy Dawson
|
0-0: Called Strike 0-1: Foul Ball, location: 2F 0-2: Strikes out swinging
|
Batting: RHB José Trombelli
|
0-0: Fly out, F7 (Flyball, 7S)
|
Top of the 4th over - 0 run(s), 0 hit(s), 0 error(s), 0 left on base; Hammond 1 - Mancelona 0 |
BOTTOM OF THE 4TH |
Mancelona Torch batting - Pitching for Hammond Herons : RHP Manuel Sánchez
|
Batting: RHB Freddy Carea
|
0-0: Ball 1-0: Ball 2-0: Called Strike 2-1: SINGLE (Line Drive, 4D)
|
Batting: RHB Juan Báez
|
0-0: Foul Ball, location: 2F 0-1: Ball 1-1: Ball 2-1: Swinging Strike 2-2: Ball 3-2: Strikes out swinging
|
Batting: LHB José Hernández
|
0-0: Swinging Strike 0-1: Ball 1-1: Ball 2-1: Ball 3-1: Foul Ball, location: 2F 3-2: Fielders Choice at 2nd, 3-6 (Groundball, 34)
|
Batting: LHB Jim Unknown
|
0-0: Ball José Hernández is caught stealing 2nd base
|
Bottom of the 4th over - 0 run(s), 1 hit(s), 0 error(s), 0 left on base; Hammond 1 - Mancelona 0 |
TOP OF THE 5TH |
Hammond Herons batting - Pitching for Mancelona Torch : RHP Germán Rodríguez
|
Batting: RHB Brian Soto
|
0-0: Swinging Strike 0-1: Foul Ball, location: 2F 0-2: Foul Ball, location: 2F 0-2: Strikes out swinging
|
Batting: LHB Ferris Minor
|
0-0: Swinging Strike 0-1: Foul Ball, location: 2F 0-2: Strikes out looking
|
Batting: LHB Juan Villanueva
|
0-0: Ball 1-0: Ball 2-0: Called Strike 2-1: Called Strike 2-2: Fly out, F6 (Popup, 6M)
|
Top of the 5th over - 0 run(s), 0 hit(s), 0 error(s), 0 left on base; Hammond 1 - Mancelona 0 |
BOTTOM OF THE 5TH |
Mancelona Torch batting - Pitching for Hammond Herons : RHP Manuel Sánchez
|
Batting: LHB Jim Unknown
|
0-0: Ball 1-0: Foul Ball, location: 2F 1-1: Bunted foul 1-2: Fly out, F7 (Flyball, 7M)
|
Batting: RHB Bert Cook
|
0-0: Ball 1-0: Ball 2-0: Called Strike 2-1: Called Strike 2-2: Fly out, F5 (Popup, 5F)
|
Batting: RHB Jim Unknown
|
0-0: Ball 1-0: Fly out, F8 (Line Drive, 8LM)
|
Bottom of the 5th over - 0 run(s), 0 hit(s), 0 error(s), 0 left on base; Hammond 1 - Mancelona 0 |
TOP OF THE 6TH |
Hammond Herons batting - Pitching for Mancelona Torch : RHP Germán Rodríguez
|
Batting: RHB Sancho Romero
|
0-0: Swinging Strike 0-1: Fly out, F2 (Popup, 25F)
|
Batting: RHB Edward Payne
|
0-0: Foul Ball, location: 2F 0-1: Ball 1-1: Foul Ball, location: 2F 1-2: Ball 2-2: SINGLE (Line Drive, 4)
|
Batting: RHB Scott Zijm
|
0-0: Called Strike 0-1: Fly out, F7 (Line Drive, 7LM)
|
Batting: RHB Jorge Baker
|
0-0: Foul Ball, location: 2F 0-1: Ball 1-1: Ball 2-1: SINGLE (Groundball, 56D) Edward Payne to second
|
Batting: RHB Jimmy Dawson
|
0-0: Ball 1-0: Ball 2-0: Called Strike 2-1: Foul Ball, location: 2F 2-2: Ball 3-2: Base on Balls Edward Payne to third Jorge Baker to second
|
Batting: RHB José Trombelli
|
0-0: Called Strike 0-1: Ball 1-1: Ball 2-1: Foul Ball, location: 2F 2-2: Strikes out looking
|
Top of the 6th over - 0 run(s), 2 hit(s), 0 error(s), 3 left on base; Hammond 1 - Mancelona 0 |
BOTTOM OF THE 6TH |
Mancelona Torch batting - Pitching for Hammond Herons : RHP Manuel Sánchez
|
Batting: RHB Jim Unknown
|
0-0: Called Strike 0-1: SINGLE (Flyball, 8LS)
|
Batting: RHB Raúl Ruíz
|
0-0: Called Strike 0-1: Ball 1-1: Bunted foul 1-2: Strikes out looking
|
Batting: RHB Juan Carlos Cruz
|
0-0: Foul Ball, location: 2F 0-1: Ball Throwing error on steal attempt, E2 Jim Unknown to third 1-1: Fly out, F8 (Flyball, 8LXD) Runner from 3rd tags up, SCORES, no throw
|
Batting: RHB Freddy Carea
|
0-0: Ball 1-0: Ball 2-0: Called Strike 2-1: Ball 3-1: Ground out 1-3 (Groundball, 15)
|
Bottom of the 6th over - 1 run(s), 1 hit(s), 1 error(s), 0 left on base; Hammond 1 - Mancelona 1 |
TOP OF THE 7TH |
Hammond Herons batting - Pitching for Mancelona Torch : RHP Germán Rodríguez
|
Batting: RHB Brian Soto
|
0-0: Called Strike 0-1: Ball 1-1: Ball 2-1: Ball 3-1: Foul Ball, location: 2F 3-2: Foul Ball, location: 2F 3-2: Foul Ball, location: 2F 3-2: Strikes out swinging
|
Batting: LHB Ferris Minor
|
0-0: Ball 1-0: Called Strike 1-1: Called Strike 1-2: Ball 2-2: Ground out 3-1 (Groundball, 34S)
|
Batting: LHB Juan Villanueva
|
0-0: Ball 1-0: Ball 2-0: Called Strike 2-1: Swinging Strike 2-2: Strikes out swinging
|
Top of the 7th over - 0 run(s), 0 hit(s), 0 error(s), 0 left on base; Hammond 1 - Mancelona 1 |
BOTTOM OF THE 7TH |
Mancelona Torch batting - Pitching for Hammond Herons : RHP Manuel Sánchez
|
Batting: RHB Juan Báez
|
0-0: Fly out, F6 (Popup, 6)
|
Batting: LHB José Hernández
|
0-0: Called Strike 0-1: Ground out U3 (Groundball, 3L)
|
Batting: LHB Jim Unknown
|
0-0: Ball 1-0: Ball 2-0: Foul Ball, location: 2F 2-1: Ball 3-1: Base on Balls
|
Pitching: RHP Arno Wilmetz
|
|
Batting: RHB Bert Cook
|
0-0: Ball 1-0: Foul Ball, location: 2F 1-1: Ball 2-1: Ball 3-1: Swinging Strike 3-2: SINGLE (Line Drive, 8RS) Jim Unknown to second Jim Unknown to third
|
Batting: RHB Jim Unknown
|
0-0: Called Strike 0-1: Ball 1-1: Foul Ball, location: 2F 1-2: Ball 2-2: Foul Ball, location: 2F 2-2: Ball 3-2: Base on Balls Bert Cook to second
|
Batting: RHB Jim Unknown
|
0-0: SINGLE (Line Drive, 9S) Jim Unknown scores Bert Cook to third Jim Unknown to second Runner from 3rd tries for Home, SAFE, throw made at trailing runner, SAFE at third!
|
Batting: RHB Raúl Ruíz
|
0-0: Ball 1-0: Called Strike 1-1: Ball 2-1: Hit by Pitch Jim Unknown to second
|
Batting: RHB Juan Carlos Cruz
|
0-0: Ball 1-0: Ball 2-0: Ground out 6-3 (Groundball, 6)
|
Bottom of the 7th over - 2 run(s), 2 hit(s), 0 error(s), 3 left on base; Hammond 1 - Mancelona 3 |
TOP OF THE 8TH |
Hammond Herons batting - Pitching for Mancelona Torch : RHP Germán Rodríguez
|
Pitching: RHP Jim Unknown
|
|
Batting: RHB Sancho Romero
|
0-0: Called Strike 0-1: Foul Ball, location: 2F 0-2: Strikes out swinging
|
Batting: RHB Edward Payne
|
0-0: Foul Ball, location: 2F 0-1: Ball 1-1: Ball 2-1: Foul Ball, location: 2F 2-2: Ball 3-2: SINGLE (Groundball, 34D)
|
Batting: RHB Scott Zijm
|
0-0: Swinging Strike 0-1: Foul Ball, location: 2F 0-2: Strikes out swinging
|
Batting: RHB Jorge Baker
|
0-0: Ball 1-0: Foul Ball, location: 2F 1-1: Ball 2-1: Ball 3-1: Base on Balls Edward Payne to second
|
Pinch Hitting: RHB António Guzmán
|
0-0: Fly out, F9 (Flyball, 9LS)
|
Top of the 8th over - 0 run(s), 1 hit(s), 0 error(s), 2 left on base; Hammond 1 - Mancelona 3 |
BOTTOM OF THE 8TH |
Mancelona Torch batting - Pitching for Hammond Herons : RHP Arno Wilmetz
|
Now at 3B: Pancho Núñez
|
|
Batting: RHB Freddy Carea
|
0-0: Called Strike 0-1: DOUBLE (Groundball, 5L)
|
Batting: RHB Juan Báez
|
0-0: TRIPLE (Flyball, 7M) Freddy Carea scores
|
Pitching: RHP Jorge Vázquez
|
|
Batting: LHB José Hernández
|
0-0: Foul Ball, location: 2F 0-1: Ball 1-1: Ball 2-1: Called Strike 2-2: Strikes out swinging
|
Batting: LHB Jim Unknown
|
0-0: Intentional Walk
|
Batting: RHB Bert Cook
|
0-0: Swinging Strike 0-1: Ball 1-1: Called Strike 1-2: Strikes out swinging
|
Batting: RHB Jim Unknown
|
0-0: Ball 1-0: Foul Ball, location: 2F 1-1: Swinging Strike 1-2: Foul Ball, location: 2F 1-2: Ball 2-2: Strikes out swinging
|
Bottom of the 8th over - 1 run(s), 2 hit(s), 0 error(s), 2 left on base; Hammond 1 - Mancelona 4 |
TOP OF THE 9TH |
Hammond Herons batting - Pitching for Mancelona Torch : RHP Jim Unknown
|
Batting: RHB José Trombelli
|
0-0: Ball 1-0: Fly out, F8 (Flyball, 8RM)
|
Batting: RHB Brian Soto
|
0-0: Called Strike 0-1: Foul Ball, location: 2F 0-2: Strikes out swinging
|
Batting: LHB Ferris Minor
|
0-0: Called Strike 0-1: Ball 1-1: Ball 2-1: Fly out, F9 (Flyball, 89M)
|
Top of the 9th over - 0 run(s), 0 hit(s), 0 error(s), 0 left on base; Hammond 1 - Mancelona 4 |
|